 Dungeon Crawl Stone Soup version 0.14-a0-2443-g5aee772 (webtiles) character file.

6167 Sabsy the Martial Artist (level 10, -8/78 HPs)
             Began as a Minotaur Monk on Feb 7, 2014.
             Was a Believer of Dithmengos.
             Mangled by a seven-headed hydra (17 damage)
             ... on Level 1 of the Lair of Beasts.
             The game lasted 00:53:58 (10305 turns).

Sabsy the Martial Artist (Minotaur Monk)           Turns: 10305, Time: 00:53:58

HP  -8/78        AC  3     Str 16      XL: 10   Next: 46%
MP   4/4         EV 20     Int  7      God: Dithmengos [**....]
Gold 522         SH  0     Dex 16      Spells:  0 memorised,  9 levels left

rFire  . . .     SeeInvis .       - Unarmed
rCold  . . .     Clarity  .     a - +0 robe
rNeg   . . .     Conserve .     (no shield)
rPois  .         rCorr    .     (helmet restricted)
rElec  .         rRot     .     (no cloak)
SustAb . .       Spirit   .     h - +0 pair of elf gloves
rMut   .         Warding  .     (no boots)
Saprov . . .     Stasis   .     (no amulet)
MR     .....                    w - ring of sustenance
                                z - +0,+7 ring of slaying

@: about to teleport, wreathed by umbra, drained, not resistant to hostile
enchantments, quite stealthy
A: retaliatory headbutt, horns 2
a: Shadow Step, Renounce Religion


You were on level 1 of the Lair of Beasts.
You worshipped Dithmengos.
Dithmengos was pleased with you.
You were not hungry.

You visited 3 branches of the dungeon, and saw 12 of its levels.

You collected 522 gold pieces.

Inventory:

Missiles
 s - 3 tomahawks (quivered)
Armour
 a - a +0 robe (worn)
 h - a +0 pair of elven gloves (worn)
Magical devices
 j - a wand of cold (5)
 r - a wand of fireball (0)
 t - a wand of frost (12)
 y - a wand of enslavement (16) {unknown}
 C - a wand of digging (8)
 E - a wand of lightning (2)
Comestibles
 b - 6 bread rations
 g - a honeycomb
 l - 13 cheeses
 A - an apple
 D - a choko
Scrolls
 c - 3 scrolls of magic mapping
 e - 5 scrolls of remove curse
 f - 3 scrolls of identify
 o - 2 scrolls of enchant weapon II
 p - a scroll of enchant weapon I
 x - 3 scrolls of recharging
Jewellery
 w - a ring of sustenance (right hand)
 z - a +0,+7 ring of slaying (left hand)
Potions
 d - 3 potions of magic
 i - a potion of mutation
 k - 3 potions of brilliance
 m - 2 potions of curing
 n - a potion of speed
 v - a potion of might
Books
 q - a book of Power

   Spells                             Type                      Level
   Iskenderun's Mystic Blast          Conjuration                  4
   Venom Bolt                         Conjuration/Poison           5
   Bolt of Magma                      Conjuration/Fire/Earth       5
   Fulminant Prism                    Conjuration/Hexes            5
   Iron Shot                          Conjuration/Earth            6
   Orb of Destruction                 Conjuration                  7


   Skills:
 - Level 3.9(3.1) Fighting
 + Level 12.2(11.2) Dodging
 - Level 1.5(0.7) Stealth
 + Level 12.6(11.6) Unarmed Combat


You had 9 spell levels left.
You didn't know any spells.

Dungeon Overview and Level Annotations

Branches:
Dungeon (10/16)            Temple (1/1) D:7            Lair (1/8) D:8
    Orc: D:9-12

Altars:
Ashenzari
Cheibriados
Dithmengos
Elyvilon
Fedhas
Kikubaaqudgha
Makhleb
Nemelex Xobeh
Okawaru
Sif Muna
Trog
Vehumet
Xom
Yredelemnul
Zin
The Shining One

Shops:
D:5 *:   D:10 [

Annotations:
D:10 Erica


Innate Abilities, Weirdness & Mutations

You reflexively headbutt those who attack you in melee.
You have a pair of horns on your head.


Message History

Read which item? (? for menu, Esc to quit)
As you read the scroll of teleportation, it crumbles to dust.
You feel strangely unstable.
The seven-headed hydra barely misses you.
The seven-headed hydra closely misses you.
The seven-headed hydra bites you!
The seven-headed hydra completely misses you.
The seven-headed hydra bites you.
The seven-headed hydra barely misses you.
You punch the seven-headed hydra!
Your punch misses the seven-headed hydra.
The seven-headed hydra is lightly wounded.
The bat completely misses you. The seven-headed hydra misses you.
The seven-headed hydra bites you! The seven-headed hydra bites you.
The seven-headed hydra bites you!
* * * LOW HITPOINT WARNING * * *
The seven-headed hydra bites you!
* * * LOW HITPOINT WARNING * * *
The seven-headed hydra misses you. The seven-headed hydra bites you!
You die...

##### #...## ###
##....#
#.##.#<..##
###...###...#
######...........#
...............D@#
###.###.........##
### ##.##.###b#
............
##..##.#....##
....#...#...#
............#
#....#......#
##P##....#.... .


You could see a seven-headed hydra and a bat.

Vanquished Creatures
  An unseen horror (D:8)
  A spiny frog (Lair:1)
  A komodo dragon (D:8)
  A troll (D:8)
  A hippogriff (D:8)
  A steam dragon (D:8)
  A hill giant skeleton (D:9)
  5 ogres
  2 sky beasts
  A black bear (D:6)
  2 ice beasts
  A phantom (D:6)
  3 orc warriors
  2 crocodiles
  The ghost of Sabsy the Charmwright, an average SpSk (D:4)
  A big kobold (D:9)
  4 giant frogs
  A gnoll sergeant (D:10)
  A cyclops skeleton (D:10)
  2 eyes of draining (D:4)
  2 wights (D:10)
  3 killer bees (D:10)
  A jelly (D:5)
  7 crimson imps
  6 orc priests
  A hound (D:9)
  7 iguanas
  A centaur zombie (D:6)
  3 scorpions
  6 worker ants
  9 orc wizards
  An orange rat (D:8)
  A killer bee zombie (D:7)
  A sky beast zombie (D:5)
  10 adders
  13 gnolls
  An orc skeleton (D:5)
  3 green rats (D:8)
  An adder skeleton (D:4)
  4 grey rats (D:8)
  3 giant eyeballs
  5 giant geckos
  2 oozes
  28 orcs
  8 giant cockroaches
  12 goblins
  17 hobgoblins
  4 quokkas
  10 bats
  A giant cockroach zombie (D:5)
  6 giant newts
  A giant spore (D:9)
  A gnoll skeleton (D:4)
  A hobgoblin zombie (D:6)
  7 jackals
  24 kobolds
  An orc zombie (D:8)
  17 rats
  A ballistomycete (D:6)
  A fungus (D:8)
  A plant (D:9)
265 creatures vanquished.

Vanquished Creatures (others)
  A giant spore (D:6)
1 creature vanquished.

Grand Total: 266 creatures vanquished

Notes
Turn   | Place    | Note
--------------------------------------------------------------
     0 | D:1      | Sabsy, the Minotaur Monk, began the quest for the Orb.
     0 | D:1      | Reached XP level 1. HP: 19/19 MP: 1/1
   311 | D:1      | Reached XP level 2. HP: 27/27 MP: 1/1
   720 | D:2      | Reached skill level 5 in Unarmed Combat
   720 | D:2      | Reached XP level 3. HP: 8/33 MP: 2/2
   787 | D:2      | Paralysed by a potion of paralysis for 4 turns
  1372 | D:3      | Reached XP level 4. HP: 30/40 MP: 2/2
  1800 | D:3      | Found an iron altar of Okawaru.
  2127 | D:3      | Reached XP level 5. HP: 43/46 MP: 2/2
  2135 | D:3      | Reached skill level 6 in Unarmed Combat
  2372 | D:4      | Noticed Sabsy's ghost (average SpSk)
  2415 | D:4      | Reached skill level 5 in Dodging
  2517 | D:4      | Found a shimmering altar of Xom.
  2840 | D:4      | Killed Sabsy's ghost
  2840 | D:4      | Reached XP level 6. HP: 22/52 MP: 3/3
  3340 | D:4      | Reached skill level 7 in Unarmed Combat
  3350 | D:4      | Reached XP level 7. HP: 8/58 MP: 0/3
  4108 | D:4      | Found a bloodstained altar of Trog.
  4302 | D:5      | Entered Level 5 of the Dungeon
  4465 | D:5      | Reached skill level 8 in Unarmed Combat
  4475 | D:5      | Found Zisomp's Assorted Antiques.
  4634 | D:5      | Found Inaurgh Ginish's Book Emporium.
  5071 | D:5      | Reached XP level 8. HP: 47/66 MP: 3/3
  5315 | D:6      | Found a radiant altar of Vehumet.
  5592 | D:6      | Reached skill level 9 in Unarmed Combat
  6255 | D:7      | Found a sparkling altar of Nemelex Xobeh.
  6278 | D:7      | Paralysed by a giant eyeball for 3 turns
  6672 | D:7      | Found a staircase to the Ecumenical Temple.
  6678 | Temple   | Entered the Ecumenical Temple
  6765 | Temple   | Became a worshipper of Dithmengos
  6765 | Temple   | Acquired Dithmengos' first power
  6827 | D:7      | Reached skill level 10 in Unarmed Combat
  6930 | D:8      | Reached XP level 9. HP: 57/71 MP: 4/4
  7128 | D:8      | Noticed a troll
  7139 | D:8      | Killed a troll
  7169 | D:8      | Reached skill level 10 in Dodging
  7247 | D:8      | Killed an unseen horror
  7247 | D:8      | Reached skill level 11 in Unarmed Combat
  7569 | D:8      | Noticed a komodo dragon
  7582 | D:8      | Killed a komodo dragon
  7600 | D:8      | Found a staircase to the Lair.
  7918 | D:8      | Reached XP level 10. HP: 78/78 MP: 4/4
  8056 | D:8      | Found a snail-covered altar of Cheibriados.
  8594 | D:9      | Reached skill level 12 in Unarmed Combat
  8723 | D:9      | Noticed a hill giant
  9286 | D:10     | Entered Level 10 of the Dungeon
  9293 | D:10     | Noticed Erica
  9446 | D:10     | Found Jimmadunn's Antique Armour Boutique.
  9998 | D:10     | Noticed a hill giant
 10194 | Lair:1   | Entered Level 1 of the Lair of Beasts
 10261 | Lair:1   | Noticed a seven-headed hydra
 10305 | Lair:1   | Mangled by a seven-headed hydra

Action                   |  1- 3 |  4- 6 |  7- 9 | 10-12 || total
-------------------------+-------+-------+-------+-------++-------
Melee: Unarmed           |    88 |   162 |   308 |   149 ||   707
Throw: Tomahawk          |       |       |     3 |       ||     3
Evoke: Wand              |       |       |     7 |     6 ||    13
  Use: Potion            |     5 |     4 |    10 |     2 ||    21
       Scroll            |       |       |    12 |     6 ||    18
 Stab: Sleeping          |       |       |     6 |     4 ||    10
